AoeStats
← Erickinio

Arena

509813373Analyzed
4v4 RM · 3d ago on Sep 28, 2026· 49m 55s· 8 players
Game mode
Random Map
Map size
Large (8 player)
Population
200
Speed
Normal
Resources
Standard
Victory
Conquest
Starting age
Dark Age
Ending age
Imperial Age
RankedLock teamsTeams togetherTeam positionsShared explorationLock speedFull tech treeHidden civsTurbo modeCheats
Victory
Defeat
🇲🇽 Cumans · Mexico
922
+15
🇲🇽 Goths · Mexico
893
+16
🇲🇽 Inca · Mexico
865
+17
🇲🇽 Persians · Mexico
842
+19
🇦🇷 Celts · Argentina
917
-17
🇨🇳 Byzantines · China
915
-17
🇵🇪 Persians · Peru
894
-17
🇵🇪 Byzantines · Peru
867
-16
moydsh
11:23 Feudal Age
11:51 Champi Runner
12:16 Arson
13:49 Forging
13:40 Scale Mail Armor
16:46 Wheelbarrow
15:58 Town Watch
25:57 Castle Age
24:06 Loom
25:06 Double-Bit Axe
25:03 Horse Collar
25:23 Fletching
25:33 Padded Archer Armor
26:26 Champi Warrior
27:06 Squires
29:16 Iron Casting
28:57 Chain Mail Armor
31:17 Bow Saw
31:15 Heavy Plow
31:30 Town Patrol
35:24 Hand Cart
41:22 Imperial Age
39:49 Gold Mining
39:50 Stone Mining
39:59 Bodkin Arrow
40:19 Leather Archer Armor
40:02 Treadmill Crane
40:57 Pikeman
43:30 Siege Engineers
43:46 Ballistics
48:36 Blast Furnace
48:31 Elite Champi Warrior
49:45 Plate Mail Armor
GuiltySpark
0:30 Loom
9:32 Feudal Age
10:21 Man-at-Arms
28:55 Forging
28:50 Scale Barding Armor
36:08 Castle Age
33:56 Double-Bit Axe
34:28 Horse Collar
35:57 Wheelbarrow
37:45 Gold Mining
38:39 Hand Cart
40:05 Bow Saw
39:58 Heavy Plow
47:24 Imperial Age
46:07 Stone Mining
46:53 Gold Shaft Mining
46:35 Masonry
46:45 Ballistics
46:21 Murder Holes
48:45 Crop Rotation
49:16 Two-Man Saw
west2084
0:47 Loom
11:27 Feudal Age
12:30 Horse Collar
12:37 Double-Bit Axe
14:37 Wheelbarrow
20:11 Castle Age
18:05 Man-at-Arms
22:00 Forging
23:09 Stone Mining
26:00 Pikeman
26:42 Squires
28:16 Padded Archer Armor
28:08 Fletching
33:39 Imperial Age
31:39 Long Swordsman
32:56 Anarchy
33:53 Two-Handed Swordsman
34:00 Halberdier
35:18 Iron Casting
36:05 Scale Barding Armor
37:05 Blast Furnace
36:06 Scale Mail Armor
39:52 Chemistry
39:13 Gold Mining
40:55 Onager
dartcesan
12:01 Feudal Age
10:49 Loom
15:36 Double-Bit Axe
15:46 Stone Mining
18:05 Castle Age
18:48 Town Watch
26:30 Scale Barding Armor
26:36 Forging
29:30 Fletching
32:28 Iron Casting
32:13 Chain Barding Armor
36:33 Imperial Age
35:42 Bloodlines
35:33 Husbandry
37:00 Heavy Camel Rider
38:39 Plate Barding Armor
38:39 Capped Ram
41:43 Thumb Ring
40:59 Crossbowman
42:48 Blast Furnace
41:47 Bodkin Arrow
41:53 Padded Archer Armor
41:59 Kamandaran
43:11 Conscription
43:20 Cavalier
46:30 Light Cavalry
49:11 Hussar
CERBERO
12:48 Feudal Age
12:37 Loom
17:23 Castle Age
18:10 Wheelbarrow
Atila
0:27 Loom
12:18 Feudal Age
12:57 Double-Bit Axe
12:55 Horse Collar
20:10 Castle Age
18:14 Gold Mining
18:15 Stone Mining
21:23 Bow Saw
21:17 Heavy Plow
22:58 Scale Barding Armor
27:40 Imperial Age
27:06 Fletching
28:35 Fortified Wall
33:50 Chemistry
32:46 Murder Holes
34:08 Hoardings
35:40 Wheelbarrow
37:05 Hand Cart
38:59 Conscription
39:24 Ballistics
40:03 Bombard Tower
Kevin
0:32 Loom
12:29 Feudal Age
16:39 Castle Age
14:59 Double-Bit Axe
14:55 Horse Collar
16:38 Stone Mining
20:35 Fortified Wall
Erickinio
11:13 Feudal Age
11:57 Double-Bit Axe
11:34 Man-at-Arms
12:02 Arson
13:56 Loom
15:02 Forging
14:53 Scale Mail Armor
Connection lost

Rejoining the realm…

Still unreachable

The connection could not be restored.

Session expired

The server has moved on; the page needs a fresh start.